 Dungeon Crawl Stone Soup version 0.17-a0-1718-g72dbe4d (webtiles) character file.

18 orochimarko the Chiller (level 2, -5/15 HPs)
             Began as a Gargoyle Ice Elementalist on Aug 24, 2015.
             Slain by a gnoll
             ... wielding a +0 spear
              (10 damage)
             ... on level 1 of the Dungeon.
             The game lasted 00:11:17 (854 turns).

orochimarko the Chiller (Gargoyle Ice Elementalist)  Turns: 854, Time: 00:11:17

Health: -5/15      AC:  4    Str: 11    XL:     2   Next: 66%
Magic:  1/5        EV: 12    Int: 15    God:
Gold:   18         SH:  0    Dex: 10    Spells: 2 memorised, 2 levels left

rFire  . . .     SeeInvis .     h - +0 club
rCold  . . .     Clarity  .     a - +0 robe
rNeg   + . .     SustAt   .     (no shield)
rPois  ∞         Gourm    .     (no helmet)
rElec  +         Spirit   .     (no cloak)
rCorr  .         Warding  .     (no gloves)
rMut   .         Stasis   .     (no boots)
MR     .....                    (no amulet)
Stlth  ++........               (no ring)
                                e - ring of flight

@: not resistant to hostile enchantments, unstealthy
A: negative energy resistance 1, electricity resistance, unbreathing,
petrification resistance, rot immunity, AC +2
a: Evoke Flight


You were on level 1 of the Dungeon.
You were not hungry.

You visited 1 branch of the dungeon, and saw 1 of its levels.

You collected 18 gold pieces.

Inventory:

Hand weapons
 h - a +0 club (weapon)
Missiles
 i - 8 tomahawks (quivered)
Armour
 a - a +0 robe (worn)
Jewellery
 e - a ring of flight (left hand)
Scrolls
 d - a scroll of fog {unknown}
 f - a scroll of enchant weapon {unknown}
 j - 2 scrolls of teleportation {unknown}
 k - a scroll of identify {unknown}
Books
 b - a book of Frost

   Spells                             Type                      Level
   a - Freeze                         Ice                          1
   b - Throw Frost                    Conjuration/Ice              2
   c - Ozocubu's Armour               Charms/Ice                   3
   d - Throw Icicle                   Conjuration/Ice              4
   e - Summon Ice Beast               Ice/Summoning                4
   f - Condensation Shield            Ice                          4
Comestibles
 c - a bread ration


   Skills:
 + Level 1.9 Dodging
 + Level 2.3 Stealth
 + Level 2.1 Spellcasting
 + Level 1.1 Conjurations
 + Level 3.4 Ice Magic


You had 2 spell levels left.
You knew the following spells:

 Your Spells              Type           Power        Failure   Level  Hunger
a - Freeze                Ice            ##..         8%          1    #......
b - Throw Frost           Conj/Ice       #.....       14%         2    ###....


Dungeon Overview and Level Annotations

Branches:
Dungeon (1/15)

Altars:


Innate Abilities, Weirdness & Mutations

You are resistant to torment.
Your stone body is resilient (AC +2).
You are immune to poison.
You resist negative energy.
You are resistant to electric shocks.
You can survive without breathing.
You are immune to petrification.
You are immune to rotting.


Message History

The gnoll shouts!
Casting: Throw Frost
Confirm with . or Enter, or press ? or * to list all spells.
Aiming: Throw Frost
Press: ? - help, Shift-Dir - straight line, f/p - gnoll
Aim: a gnoll, wielding a spear The puff of frost misses the gnoll.
Casting: Throw Frost
Confirm with . or Enter, or press ? or * to list all spells.
You don't know that spell.
You see here a club.
A gnoll is nearby!
The gnoll closely misses you. The gnoll completely misses you.
The gnoll barely misses you.
You hit the gnoll but do no damage. The gnoll hits you with a spear!
You hit the gnoll but do no damage. The gnoll closely misses you.
The gnoll hits you with a spear!
Ouch! That really hurt!
You die...

### #.. #.# #.# #.####### #.
#...g@).# #.##
#..####.#####.#.##
########..#..)....##..#.#####
#.........#.##.##.##.#.......
#.######..#. #.##.#..#.##.##.
#.# #..#. #.........###.#.
#.# #.g#. ####.#...###.##.
#.# #...g ........##.###. #.#
#.... ....###...## ##


You could see a gnoll.

Vanquished Creatures
  6 hobgoblins (D:1)
  2 bats (D:1)
  A giant newt (D:1)
  2 goblins (D:1)
  5 kobolds (D:1)
  2 rats (D:1)
18 creatures vanquished.

Notes
Turn   | Place    | Note
--------------------------------------------------------------
     0 | D:1      | orochimarko the Gargoyle Ice Elementalist began the quest for the Orb.
     0 | D:1      | Reached XP level 1. HP: 10/10 MP: 3/3
   187 | D:1      | Reached XP level 2. HP: 15/15 MP: 1/5
   232 | D:1      | Learned a level 2 spell: Throw Frost
   854 | D:1      | Slain by a gnoll

Vault maps used:
D:1:      scummos_arrival_checkerplants

Action                   || total
-------------------------++-------
Melee: Club              ||    24
       Unarmed           ||     2
 Cast: Freeze            ||    17
       Throw Frost       ||     9
  Eat: Chunk             ||     1
